[ AOE2 MATCH · #473239307 ]
UnrankedAztecs vs Sicilians
[ REPLAY ANALYSIS · EXTRACTED FROM THE RECORDED GAME ]
Feudal
10:39
Castle
14:11
Imperial
31:01
| APM avg | 58.9 |
| APM peak | 103 |
| eAPM avg | 35.4 |
| Villagers / military | 80 / 81 |
Focus
⚔️ 21.0% · 🌾 79.0%
Monk ×35 · Battering Ram ×14 · Jaguar Warrior ×12 · Mangonel ×7 · Spearman ×7 · Scorpion ×5
Feudal
10:39
Castle
14:45
Imperial
—
| APM avg | 19.8 |
| APM peak | 58 |
| eAPM avg | 13.8 |
| Villagers / military | 73 / 18 |
Focus
⚔️ 24.1% · 🌾 75.9%
Serjeant ×8 · Scout Cavalry ×3 · Mangonel ×2 · Scorpion ×2 · Spearman ×2 · Battering Ram ×1
Feudal
10:56
Castle
14:51
Imperial
37:24
| APM avg | 29.4 |
| APM peak | 56 |
| eAPM avg | 15.6 |
| Villagers / military | 112 / 159 |
Focus
⚔️ 34.2% · 🌾 65.8%
Archer ×77 · Skirmisher ×71 · Mangonel ×10 · Battering Ram ×1
Feudal
11:00
Castle
14:37
Imperial
29:45
| APM avg | 45.2 |
| APM peak | 71 |
| eAPM avg | 32.1 |
| Villagers / military | 169 / 478 |
Focus
⚔️ 57.2% · 🌾 42.8%
Militia ×280 · Spearman ×102 · Composite Bowman ×87 · Battering Ram ×8 · Warrior Priest ×1
Feudal
11:01
Castle
14:41
Imperial
30:18
| APM avg | 38.3 |
| APM peak | 67 |
| eAPM avg | 21.4 |
| Villagers / military | 193 / 295 |
Focus
⚔️ 27.7% · 🌾 72.3%
Scorpion ×140 · Spearman ×132 · Trebuchet (Packed) ×12 · Battering Ram ×7 · Woad Raider ×3 · Mangonel ×1
Feudal
10:32
Castle
14:14
Imperial
38:14
| APM avg | 31.1 |
| APM peak | 50 |
| eAPM avg | 20.8 |
| Villagers / military | 184 / 217 |
Focus
⚔️ 37.6% · 🌾 62.4%
Berserk ×196 · Mangonel ×17 · Battering Ram ×4
Feudal
10:26
Castle
13:41
Imperial
30:51
| APM avg | 64.9 |
| APM peak | 140 |
| eAPM avg | 42.8 |
| Villagers / military | 193 / 424 |
Focus
⚔️ 38.5% · 🌾 61.5%
Knight ×212 · Scout Cavalry ×154 · Hand Cannoneer ×57 · Mangonel ×1
Feudal
10:56
Castle
14:29
Imperial
27:54
| APM avg | 31.3 |
| APM peak | 53 |
| eAPM avg | 21.2 |
| Villagers / military | 163 / 202 |
Focus
⚔️ 35.2% · 🌾 64.8%
Mangudai ×114 · Scout Cavalry ×40 · Mangonel ×28 · Battering Ram ×13 · Trebuchet (Packed) ×4 · Monk ×3
Match map
Initial resources + every placement click. Lines = walls · curves = elevation contours. ◆ gold · ⬟ stone · ● berries · ✦ relic · ◌ wall gap
Your base· ✓ Closed at 14:11 · 0t walls · 4 gate(s)
ACN_Mk's base· ✓ Closed at 14:45 · 0t walls · 2 gate(s)
Niros's base· ✓ Closed at 14:51 · 0t walls · 2 gate(s)
ohawan12312's base· ✓ Closed at 14:37 · 0t walls · 2 gate(s)
勤學的兔兔's base· ✓ Closed at 14:41 · 0t walls · 2 gate(s)
KB509521's base· ✓ Closed at 14:14 · 0t walls · 2 gate(s)
[GDL] Perro del Mal's base· ✓ Closed at 13:41 · 0t walls · 2 gate(s)
小妖's base· ✓ Closed at 14:29 · 14t walls · 2 gate(s)
Smoothed initial terrain · ◌ = detected wall gap · hover for details
Inputs per minute
— xXbananamanXx - - ACN_Mk
Build order — xXbananamanXx
First 150 of 279 actions detected
| 0:00 | Create | Villager (Male) |
| 0:01 | Create | Villager (Male) |
| 0:02 | Build | House |
| 0:03 | Build | House |
| 0:14 | Create | Villager (Male) |
| 0:14 | Create | Villager (Male) |
| 1:23 | Create | Villager (Male) |
| 1:53 | Build | Palisade Gate |
| 1:56 | Build | Palisade Gate |
| 1:58 | Create | Villager (Male) |
| 2:10 | Build | Palisade Gate |
| 2:30 | Create | Villager (Male) |
| 2:41 | Create | Villager (Male) |
| 3:07 | Create | Villager (Male) |
| 3:38 | Build | Lumber Camp |
| 3:50 | Create | Villager (Male) |
| 3:59 | Build | House |
| 4:04 | Create | Villager (Male) |
| 4:38 | Create | Villager (Male) |
| 5:00 | Create | Villager (Male) |
| 5:23 | Create | Villager (Male) |
| 5:37 | Create | Villager (Male) |
| 6:01 | Build | Mill |
| 6:10 | Create | Villager (Male) |
| 6:29 | Build | House |
| 6:41 | Create | Villager (Male) |
| 7:02 | Create | Villager (Male) |
| 7:29 | Create | Villager (Male) |
| 7:33 | Create | Villager (Male) |
| 7:45 | Build | Mining Camp |
| 8:23 | Research | Feudal Age |
| 8:45 | Build | House |
| 9:56 | Build | Farm |
| 10:21 | Create | Villager (Male) |
| 10:22 | Create | Villager (Male) |
| 10:39 | Age | Feudal Age |
| 10:42 | Build | Market |
| 10:48 | Build | Blacksmith |
| 11:31 | Research | Castle Age |
| 11:42 | Build | House |
| 12:16 | Research | Double-Bit Axe |
| 12:16 | Research | Double-Bit Axe |
| 12:20 | Build | Farm |
| 12:20 | Build | Farm |
| 12:39 | Build | House |
| 13:02 | Build | Barracks |
| 13:21 | Research | Loom |
| 14:11 | Age | Castle Age |
| 14:13 | Build | Monastery |
| 14:22 | Create | Villager (Male) |
| 14:31 | Create | Spearman |
| 14:39 | Create | Villager (Male) |
| 14:54 | Build | Siege Workshop |
| 14:59 | Create | Monk |
| 15:06 | Create | Spearman |
| 15:08 | Create | Villager (Male) |
| 15:43 | Build | House |
| 15:44 | Create | Mangonel |
| 15:48 | Research | Sanctity |
| 16:10 | Create | Villager (Male) |
| 16:19 | Build | Monastery |
| 16:30 | Build | Farm |
| 16:33 | Create | Villager (Male) |
| 16:37 | Create | Monk |
| 16:40 | Create | Eagle Scout |
| 16:47 | Create | Scorpion |
| 17:16 | Create | Battering Ram |
| 17:31 | Build | House |
| 17:32 | Create | Villager (Male) |
| 17:39 | Create | Monk |
| 18:03 | Create | Villager (Male) |
| 18:06 | Research | Fervor |
| 18:07 | Research | Fervor |
| 18:14 | Create | Villager (Male) |
| 18:15 | Create | Villager (Male) |
| 18:36 | Create | Spearman |
| 18:41 | Create | Villager (Male) |
| 18:48 | Build | House |
| 18:52 | Create | Monk |
| 18:53 | Create | Monk |
| 18:56 | Create | Villager (Male) |
| 19:32 | Create | Monk |
| 19:42 | Create | Villager (Male) |
| 19:46 | Build | Farm |
| 19:50 | Build | Mining Camp |
| 19:54 | Research | Gold Mining |
| 20:14 | Build | Monastery |
| 20:30 | Research | Redemption |
| 20:30 | Research | Redemption |
| 20:38 | Create | Monk |
| 21:07 | Create | Villager (Male) |
| 21:09 | Build | Farm |
| 21:10 | Build | Farm |
| 21:11 | Create | Villager (Male) |
| 21:39 | Build | Siege Workshop |
| 21:52 | Research | Atonement |
| 21:52 | Research | Atonement |
| 21:54 | Create | Monk |
| 22:19 | Create | Villager (Male) |
| 22:24 | Create | Battering Ram |
| 22:27 | Create | Villager (Male) |
| 22:33 | Build | Farm |
| 22:34 | Build | Farm |
| 22:36 | Build | Farm |
| 22:37 | Build | Farm |
| 23:10 | Create | Monk |
| 23:10 | Create | Monk |
| 23:13 | Build | House |
| 23:14 | Create | Villager (Male) |
| 23:14 | Create | Villager (Male) |
| 23:16 | Build | House |
| 23:16 | Build | House |
| 23:39 | Create | Battering Ram |
| 23:48 | Create | Spearman |
| 23:48 | Create | Spearman |
| 23:49 | Create | Villager (Male) |
| 23:57 | Build | Farm |
| 24:03 | Build | House |
| 24:06 | Create | Mangonel |
| 24:47 | Create | Battering Ram |
| 24:56 | Create | Villager (Male) |
| 24:57 | Create | Villager (Male) |
| 24:59 | Build | Farm |
| 25:00 | Build | Farm |
| 25:03 | Create | Villager (Male) |
| 25:36 | Create | Villager (Male) |
| 25:50 | Create | Battering Ram |
| 25:50 | Create | Battering Ram |
| 25:52 | Create | Villager (Male) |
| 26:43 | Build | House |
| 26:48 | Create | Battering Ram |
| 26:49 | Create | Villager (Male) |
| 26:51 | Build | Farm |
| 27:11 | Create | Villager (Male) |
| 27:23 | Create | Battering Ram |
| 27:25 | Create | Monk |
| 27:29 | Build | House |
| 27:50 | Research | Imperial Age |
| 27:59 | Build | Mining Camp |
| 28:04 | Build | Lumber Camp |
| 28:18 | Create | Battering Ram |
| 28:21 | Create | Monk |
| 28:27 | Research | Devotion |
| 28:49 | Create | Battering Ram |
| 28:59 | Build | House |
| 29:07 | Create | Villager (Male) |
| 29:33 | Create | Battering Ram |
| 29:46 | Create | Villager (Male) |
| 29:55 | Create | Villager (Male) |
| 30:10 | Create | Villager (Male) |
Build order — ACN_Mk
First 150 of 179 actions detected
| 0:03 | Create | Villager (Male) |
| 0:03 | Create | Villager (Male) |
| 0:04 | Build | House |
| 0:05 | Build | House |
| 0:12 | Create | Villager (Male) |
| 0:13 | Create | Villager (Male) |
| 1:26 | Create | Villager (Male) |
| 2:06 | Create | Villager (Male) |
| 2:07 | Build | Lumber Camp |
| 2:21 | Create | Villager (Male) |
| 2:49 | Create | Villager (Male) |
| 2:49 | Create | Villager (Male) |
| 3:19 | Create | Villager (Male) |
| 3:27 | Build | House |
| 3:28 | Build | House |
| 3:29 | Build | House |
| 3:35 | Create | Villager (Male) |
| 4:03 | Create | Villager (Male) |
| 4:03 | Create | Villager (Male) |
| 4:36 | Create | Villager (Male) |
| 4:36 | Create | Villager (Male) |
| 4:36 | Create | Villager (Male) |
| 4:57 | Build | Mill |
| 5:13 | Create | Villager (Male) |
| 5:14 | Create | Villager (Male) |
| 5:42 | Create | Villager (Male) |
| 6:04 | Create | Villager (Male) |
| 6:23 | Create | Villager (Male) |
| 6:24 | Create | Villager (Male) |
| 6:31 | Build | Lumber Camp |
| 6:45 | Create | Villager (Male) |
| 7:37 | Build | Mill |
| 7:51 | Create | Villager (Male) |
| 8:02 | Build | Mining Camp |
| 8:29 | Research | Feudal Age |
| 8:29 | Research | Feudal Age |
| 8:47 | Build | Farm |
| 8:50 | Build | Farm |
| 10:01 | Create | Villager (Male) |
| 10:01 | Create | Villager (Male) |
| 10:39 | Age | Feudal Age |
| 10:41 | Build | Market |
| 10:43 | Build | Blacksmith |
| 10:58 | Research | Loom |
| 12:05 | Research | Castle Age |
| 12:05 | Research | Castle Age |
| 12:15 | Build | Donjon |
| 12:35 | Research | Horse Collar |
| 12:47 | Build | House |
| 13:19 | Build | House |
| 13:22 | Research | Double-Bit Axe |
| 13:36 | Create | Spearman |
| 13:59 | Create | Spearman |
| 14:08 | Create | Serjeant |
| 14:10 | Create | Villager (Male) |
| 14:28 | Create | Villager (Male) |
| 14:34 | Create | Serjeant |
| 14:45 | Age | Castle Age |
| 14:46 | Build | Siege Workshop |
| 14:56 | Build | Farm |
| 15:07 | Create | Serjeant |
| 15:20 | Create | Serjeant |
| 15:32 | Create | Battering Ram |
| 15:36 | Build | Stable |
| 15:40 | Create | Villager (Male) |
| 15:44 | Build | Farm |
| 15:53 | Build | Stable |
| 15:57 | Create | Scorpion |
| 16:02 | Create | Scorpion |
| 16:05 | Create | Villager (Male) |
| 16:07 | Build | Farm |
| 16:20 | Create | Villager (Male) |
| 16:26 | Build | Farm |
| 16:29 | Build | Farm |
| 16:45 | Research | Town Watch |
| 16:48 | Build | Farm |
| 16:54 | Build | Farm |
| 17:02 | Build | Farm |
| 17:16 | Create | Villager (Male) |
| 17:19 | Build | House |
| 17:21 | Build | House |
| 17:37 | Create | Scout Cavalry |
| 17:46 | Create | Villager (Male) |
| 17:55 | Build | Town Center |
| 18:12 | Create | Scout Cavalry |
| 18:20 | Build | House |
| 18:22 | Build | House |
| 18:27 | Create | Villager (Male) |
| 18:31 | Build | Farm |
| 18:55 | Create | Villager (Male) |
| 19:12 | Create | Villager (Male) |
| 19:14 | Create | Serjeant |
| 19:23 | Create | Villager (Male) |
| 19:26 | Build | Farm |
| 19:27 | Build | Farm |
| 19:28 | Build | Farm |
| 19:41 | Create | Villager (Male) |
| 20:03 | Create | Villager (Male) |
| 20:08 | Create | Scout Cavalry |
| 20:20 | Build | Town Center |
| 20:26 | Create | Villager (Male) |
| 20:28 | Build | Farm |
| 20:42 | Create | Villager (Male) |
| 20:57 | Build | Donjon |
| 21:00 | Build | Farm |
| 21:03 | Research | Fletching |
| 21:16 | Build | House |
| 21:22 | Build | House |
| 21:36 | Create | Villager (Male) |
| 21:48 | Create | Villager (Male) |
| 21:48 | Create | Villager (Male) |
| 22:03 | Research | Bodkin Arrow |
| 22:09 | Build | Farm |
| 22:09 | Build | Farm |
| 22:09 | Build | Farm |
| 22:17 | Create | Villager (Male) |
| 22:23 | Build | House |
| 22:30 | Create | Villager (Male) |
| 22:37 | Create | Villager (Male) |
| 22:45 | Create | Villager (Male) |
| 22:49 | Build | Farm |
| 22:50 | Build | Farm |
| 23:00 | Build | Siege Workshop |
| 23:08 | Create | Serjeant |
| 23:35 | Create | Villager (Male) |
| 23:44 | Create | Villager (Male) |
| 23:44 | Create | Villager (Male) |
| 23:44 | Create | Villager (Male) |
| 23:56 | Build | Farm |
| 24:02 | Create | Mangonel |
| 24:39 | Create | Villager (Male) |
| 24:52 | Create | Villager (Male) |
| 25:06 | Create | Villager (Male) |
| 25:07 | Create | Villager (Male) |
| 25:37 | Build | Castle |
| 25:42 | Create | Villager (Male) |
| 25:58 | Create | Villager (Male) |
| 25:58 | Create | Villager (Male) |
| 26:23 | Create | Villager (Male) |
| 26:23 | Create | Villager (Male) |
| 26:43 | Build | Farm |
| 26:44 | Build | Farm |
| 26:44 | Build | Farm |
| 26:44 | Build | Farm |
| 26:44 | Build | Farm |
| 26:45 | Build | Farm |
| 26:49 | Research | Heavy Plow |
| 26:57 | Build | Town Center |
| 27:13 | Create | Villager (Male) |
| 28:02 | Build | Farm |
Build order — Niros
First 150 of 352 actions detected
| 0:00 | Create | Villager (Male) ×4 |
| 0:02 | Build | House |
| 0:03 | Build | House |
| 1:23 | Create | Villager (Male) |
| 1:44 | Build | Lumber Camp |
| 1:50 | Create | Villager (Male) |
| 1:51 | Create | Villager (Male) |
| 2:23 | Create | Villager (Male) |
| 2:53 | Create | Villager (Male) |
| 2:57 | Build | House |
| 3:03 | Create | Villager (Male) |
| 3:33 | Create | Villager (Male) |
| 3:33 | Create | Villager (Male) |
| 3:33 | Create | Villager (Male) |
| 3:55 | Build | Mill |
| 4:01 | Create | Villager (Male) |
| 4:28 | Create | Villager (Male) |
| 4:28 | Create | Villager (Male) |
| 4:49 | Create | Villager (Male) |
| 5:22 | Create | Villager (Male) |
| 5:22 | Create | Villager (Male) |
| 5:32 | Create | Villager (Male) |
| 5:37 | Create | Villager (Male) |
| 5:59 | Build | House |
| 6:40 | Create | Villager (Male) |
| 6:49 | Build | Mill |
| 6:55 | Build | Mill |
| 6:57 | Create | Villager (Male) |
| 6:57 | Create | Villager (Male) |
| 6:58 | Create | Villager (Male) |
| 7:21 | Build | Farm |
| 7:22 | Build | Farm |
| 7:30 | Build | Farm |
| 8:01 | Build | Mining Camp |
| 8:07 | Create | Villager (Male) |
| 8:22 | Research | Feudal Age |
| 8:49 | Build | House |
| 9:24 | Create | Villager (Male) |
| 9:24 | Create | Villager (Male) |
| 10:13 | Build | Barracks |
| 10:56 | Age | Feudal Age |
| 11:03 | Build | Blacksmith |
| 11:36 | Build | Archery Range |
| 11:42 | Create | Villager (Male) |
| 12:10 | Research | Castle Age |
| 12:30 | Research | Double-Bit Axe |
| 12:30 | Research | Double-Bit Axe |
| 12:31 | Create | Archer |
| 12:31 | Create | Archer |
| 12:32 | Create | Archer |
| 12:45 | Build | Archery Range |
| 13:11 | Create | Archer |
| 13:15 | Build | House |
| 13:17 | Build | House |
| 13:27 | Create | Archer |
| 13:28 | Research | Fletching |
| 13:29 | Research | Fletching |
| 13:53 | Create | Villager (Male) |
| 13:57 | Build | Farm |
| 13:58 | Create | Archer |
| 13:58 | Create | Archer |
| 14:10 | Research | Gold Mining |
| 14:10 | Research | Gold Mining |
| 14:19 | Create | Archer |
| 14:46 | Build | Farm |
| 14:47 | Build | Farm |
| 14:51 | Age | Castle Age |
| 15:09 | Research | Crossbowman (upgrade) |
| 15:09 | Research | Crossbowman (upgrade) |
| 15:12 | Create | Archer |
| 15:12 | Create | Archer |
| 15:12 | Create | Archer |
| 15:25 | Create | Villager (Male) |
| 15:25 | Create | Villager (Male) |
| 15:59 | Create | Villager (Male) |
| 15:59 | Create | Villager (Male) |
| 16:13 | Build | Farm |
| 16:19 | Create | Archer |
| 16:19 | Create | Archer |
| 16:20 | Create | Archer |
| 16:29 | Create | Villager (Male) |
| 16:33 | Build | Farm |
| 16:33 | Build | Farm |
| 16:35 | Build | Farm |
| 16:42 | Research | Horse Collar |
| 16:42 | Research | Horse Collar |
| 16:52 | Build | Siege Workshop |
| 17:01 | Create | Archer |
| 17:02 | Create | Archer |
| 17:02 | Create | Archer |
| 17:02 | Create | Archer |
| 17:11 | Create | Villager (Male) |
| 17:11 | Create | Villager (Male) |
| 17:13 | Build | House |
| 17:14 | Build | House |
| 17:51 | Create | Battering Ram |
| 18:02 | Research | Padded Archer Armor |
| 18:02 | Research | Padded Archer Armor |
| 18:10 | Build | House |
| 18:25 | Research | Bodkin Arrow |
| 18:28 | Create | Archer |
| 18:28 | Create | Archer |
| 18:29 | Create | Archer |
| 18:29 | Create | Archer |
| 18:39 | Build | House |
| 18:54 | Create | Archer |
| 18:55 | Create | Archer |
| 18:55 | Create | Archer |
| 19:19 | Create | Villager (Male) |
| 19:19 | Create | Villager (Male) |
| 19:20 | Create | Villager (Male) |
| 19:27 | Create | Mangonel |
| 19:27 | Create | Mangonel |
| 19:36 | Create | Villager (Male) |
| 19:36 | Create | Villager (Male) |
| 20:02 | Create | Archer |
| 20:02 | Create | Archer |
| 20:02 | Create | Archer |
| 20:13 | Create | Archer |
| 20:13 | Create | Archer |
| 20:38 | Create | Villager (Male) |
| 20:38 | Create | Villager (Male) |
| 20:39 | Create | Archer |
| 20:40 | Create | Archer |
| 20:40 | Create | Archer |
| 20:40 | Create | Archer |
| 20:41 | Create | Villager (Male) |
| 20:42 | Create | Villager (Male) |
| 20:53 | Create | Archer |
| 20:53 | Create | Archer |
| 21:04 | Build | House |
| 21:05 | Build | House |
| 21:22 | Create | Villager (Male) |
| 21:22 | Create | Villager (Male) |
| 21:29 | Build | House |
| 21:29 | Build | House |
| 21:35 | Create | Archer |
| 21:35 | Create | Archer |
| 21:53 | Build | Mining Camp |
| 22:25 | Create | Archer |
| 22:25 | Create | Archer |
| 22:41 | Create | Villager (Male) |
| 22:48 | Create | Archer |
| 22:49 | Create | Archer |
| 22:55 | Build | Farm |
| 22:56 | Build | Farm |
| 22:56 | Build | Farm |
| 23:26 | Create | Villager (Male) |
| 23:37 | Create | Mangonel |
| 23:37 | Create | Mangonel |
Build order — ohawan12312
First 150 of 852 actions detected
| 0:01 | Create | Villager (Male) |
| 0:02 | Create | Villager (Male) |
| 0:02 | Create | Villager (Male) |
| 0:02 | Create | Villager (Male) |
| 0:04 | Build | House |
| 0:06 | Build | House |
| 1:26 | Create | Villager (Male) |
| 1:26 | Create | Villager (Male) |
| 1:50 | Create | Villager (Male) |
| 2:17 | Build | Mule Cart |
| 2:22 | Create | Villager (Male) |
| 2:37 | Build | House |
| 2:58 | Create | Villager (Male) |
| 2:59 | Create | Villager (Male) |
| 3:12 | Create | Villager (Male) |
| 3:12 | Create | Villager (Male) |
| 3:18 | Create | Villager (Male) |
| 3:18 | Create | Villager (Male) |
| 3:40 | Create | Villager (Male) |
| 3:40 | Create | Villager (Male) |
| 4:09 | Create | Villager (Male) |
| 4:09 | Create | Villager (Male) |
| 4:25 | Build | Mule Cart |
| 4:30 | Create | Villager (Male) |
| 4:30 | Create | Villager (Male) |
| 4:58 | Create | Villager (Male) |
| 4:58 | Create | Villager (Male) |
| 5:09 | Build | House |
| 5:10 | Build | House |
| 5:23 | Create | Villager (Male) |
| 5:36 | Build | Mill |
| 5:43 | Create | Villager (Male) |
| 5:43 | Create | Villager (Male) |
| 6:01 | Create | Villager (Male) |
| 6:01 | Create | Villager (Male) |
| 6:07 | Create | Villager (Male) |
| 6:08 | Create | Villager (Male) |
| 6:18 | Create | Villager (Male) |
| 6:31 | Create | Villager (Male) |
| 6:31 | Create | Villager (Male) |
| 6:45 | Create | Villager (Male) |
| 7:13 | Create | Villager (Male) |
| 7:51 | Create | Villager (Male) |
| 8:50 | Research | Feudal Age |
| 10:59 | Create | Villager (Male) |
| 10:59 | Create | Villager (Male) |
| 11:00 | Age | Feudal Age |
| 11:06 | Build | Market |
| 11:10 | Build | Blacksmith |
| 11:57 | Research | Castle Age |
| 11:57 | Research | Castle Age |
| 12:02 | Build | House |
| 12:15 | Research | Horse Collar |
| 12:17 | Build | Farm |
| 12:42 | Build | Farm |
| 12:47 | Build | House |
| 13:05 | Build | Farm |
| 13:33 | Research | Double-Bit Axe |
| 13:50 | Build | Farm |
| 14:02 | Build | Farm |
| 14:02 | Create | Villager (Male) |
| 14:37 | Age | Castle Age |
| 14:43 | Build | Monastery |
| 14:48 | Create | Villager (Male) |
| 14:54 | Research | Bow Saw |
| 15:04 | Create | Villager (Male) |
| 15:33 | Create | Warrior Priest |
| 15:36 | Build | House |
| 15:45 | Create | Villager (Male) |
| 15:58 | Build | Town Center |
| 16:08 | Build | House |
| 16:15 | Create | Villager (Male) |
| 16:21 | Build | Farm |
| 16:25 | Build | Farm |
| 16:31 | Build | Farm |
| 16:35 | Research | Loom |
| 16:53 | Build | House |
| 16:54 | Create | Villager (Male) |
| 17:09 | Create | Villager (Male) |
| 17:09 | Create | Villager (Male) |
| 17:28 | Build | Town Center |
| 17:29 | Create | Villager (Male) |
| 17:29 | Create | Villager (Male) |
| 17:29 | Create | Villager (Male) |
| 17:31 | Build | House |
| 17:42 | Build | Farm |
| 17:49 | Create | Villager (Male) |
| 17:53 | Create | Villager (Male) |
| 18:04 | Build | Farm |
| 18:05 | Build | Farm |
| 18:20 | Build | House |
| 18:23 | Create | Villager (Male) |
| 18:23 | Create | Villager (Male) |
| 18:37 | Build | Farm |
| 18:42 | Build | Farm |
| 18:46 | Build | Farm |
| 18:48 | Create | Villager (Male) |
| 18:57 | Create | Villager (Male) |
| 18:57 | Create | Villager (Male) |
| 18:57 | Create | Villager (Male) |
| 19:05 | Create | Villager (Male) |
| 19:11 | Build | Farm |
| 19:14 | Build | Farm |
| 19:17 | Build | Farm |
| 19:20 | Build | Farm |
| 19:23 | Build | Farm |
| 19:24 | Create | Villager (Male) |
| 19:25 | Create | Villager (Male) |
| 19:27 | Create | Villager (Male) |
| 19:35 | Build | House |
| 19:39 | Build | Farm |
| 19:40 | Create | Villager (Male) |
| 19:48 | Build | Farm |
| 19:50 | Build | Farm |
| 19:54 | Build | Farm |
| 19:56 | Create | Villager (Male) |
| 20:02 | Create | Villager (Male) |
| 20:07 | Build | Farm |
| 20:09 | Create | Villager (Male) |
| 20:22 | Create | Villager (Male) |
| 20:23 | Create | Villager (Male) |
| 20:23 | Create | Villager (Male) |
| 20:26 | Build | Farm |
| 20:31 | Create | Villager (Male) |
| 20:37 | Build | Town Center |
| 20:41 | Create | Villager (Male) |
| 20:42 | Create | Villager (Male) |
| 20:49 | Create | Villager (Male) |
| 20:50 | Create | Villager (Male) |
| 20:50 | Create | Villager (Male) |
| 20:50 | Create | Villager (Male) |
| 21:03 | Research | Wheelbarrow |
| 21:04 | Create | Villager (Male) |
| 21:19 | Build | House |
| 21:29 | Create | Villager (Male) |
| 21:31 | Create | Villager (Male) |
| 21:34 | Build | Farm |
| 21:38 | Create | Villager (Male) |
| 21:39 | Create | Villager (Male) |
| 21:41 | Create | Villager (Male) |
| 21:49 | Build | Mill |
| 21:50 | Build | Farm |
| 21:50 | Build | Farm |
| 21:50 | Build | Farm |
| 21:51 | Build | Farm |
| 22:08 | Build | Mule Cart |
| 22:09 | Create | Villager (Male) |
| 22:10 | Create | Villager (Male) |
| 22:10 | Create | Villager (Male) |
| 22:12 | Create | Villager (Male) |
Build order — 勤學的兔兔
First 150 of 523 actions detected
| 0:00 | Create | Villager (Male) |
| 0:01 | Create | Villager (Male) |
| 0:01 | Create | Villager (Male) |
| 0:01 | Create | Villager (Male) |
| 0:03 | Build | House |
| 0:04 | Build | House |
| 1:32 | Create | Villager (Male) |
| 1:32 | Create | Villager (Male) |
| 1:32 | Create | Villager (Male) |
| 1:32 | Create | Villager (Male) |
| 1:32 | Create | Villager (Male) |
| 1:33 | Create | Villager (Male) |
| 1:55 | Create | Villager (Male) |
| 1:55 | Create | Villager (Male) |
| 1:55 | Create | Villager (Male) |
| 1:55 | Create | Villager (Male) |
| 2:14 | Build | Lumber Camp |
| 2:28 | Create | Villager (Male) |
| 2:28 | Create | Villager (Male) |
| 2:28 | Create | Villager (Male) |
| 2:28 | Create | Villager (Male) |
| 2:53 | Create | Villager (Male) |
| 3:24 | Create | Villager (Male) |
| 3:24 | Create | Villager (Male) |
| 3:58 | Create | Villager (Male) |
| 3:58 | Create | Villager (Male) |
| 3:58 | Create | Villager (Male) |
| 3:58 | Create | Villager (Male) |
| 3:58 | Create | Villager (Male) |
| 4:06 | Build | House |
| 4:25 | Create | Villager (Male) |
| 4:25 | Create | Villager (Male) |
| 4:26 | Create | Villager (Male) |
| 4:44 | Build | House |
| 4:47 | Build | House |
| 4:56 | Create | Villager (Male) |
| 4:56 | Create | Villager (Male) |
| 4:56 | Create | Villager (Male) |
| 4:56 | Create | Villager (Male) |
| 4:56 | Create | Villager (Male) |
| 5:42 | Create | Villager (Male) |
| 5:42 | Create | Villager (Male) |
| 5:42 | Create | Villager (Male) |
| 5:42 | Create | Villager (Male) |
| 5:54 | Build | Mill |
| 6:09 | Create | Villager (Male) |
| 6:09 | Create | Villager (Male) |
| 6:09 | Create | Villager (Male) |
| 6:10 | Create | Villager (Male) |
| 6:10 | Create | Villager (Male) |
| 6:25 | Create | Villager (Male) |
| 6:25 | Create | Villager (Male) |
| 6:25 | Create | Villager (Male) |
| 6:49 | Build | Farm |
| 6:52 | Build | Farm |
| 6:58 | Create | Villager (Male) |
| 6:58 | Create | Villager (Male) |
| 7:40 | Build | Farm |
| 7:59 | Build | Mill |
| 8:13 | Create | Villager (Male) |
| 8:13 | Create | Villager (Male) |
| 8:20 | Create | Villager (Male) |
| 8:27 | Build | Mining Camp |
| 8:51 | Research | Feudal Age |
| 11:01 | Age | Feudal Age |
| 11:03 | Build | Market |
| 11:09 | Build | Blacksmith |
| 11:11 | Create | Villager (Male) |
| 11:11 | Create | Villager (Male) |
| 11:57 | Research | Castle Age |
| 12:07 | Research | Double-Bit Axe |
| 12:08 | Research | Horse Collar |
| 12:49 | Build | Farm |
| 12:54 | Build | Farm |
| 13:16 | Build | House |
| 14:03 | Build | Farm |
| 14:08 | Build | House |
| 14:37 | Build | Farm |
| 14:38 | Build | Farm |
| 14:41 | Age | Castle Age |
| 14:41 | Create | Villager (Male) |
| 14:41 | Create | Villager (Male) |
| 15:02 | Build | Siege Workshop |
| 15:48 | Create | Villager (Male) |
| 15:48 | Create | Villager (Male) |
| 15:48 | Create | Villager (Male) |
| 15:54 | Build | Town Center |
| 16:22 | Research | Loom |
| 16:32 | Create | Villager (Male) |
| 16:35 | Build | Town Center |
| 16:42 | Research | Bow Saw |
| 16:43 | Research | Heavy Plow |
| 16:44 | Create | Villager (Male) |
| 16:44 | Create | Villager (Male) |
| 16:44 | Create | Villager (Male) |
| 16:51 | Build | Farm |
| 16:52 | Build | Farm |
| 17:22 | Create | Villager (Male) |
| 17:22 | Create | Villager (Male) |
| 17:22 | Create | Villager (Male) |
| 17:22 | Create | Villager (Male) |
| 17:37 | Build | Siege Workshop |
| 17:45 | Create | Villager (Male) |
| 17:45 | Create | Villager (Male) |
| 17:56 | Create | Villager (Male) |
| 17:56 | Create | Villager (Male) |
| 17:58 | Build | Farm |
| 17:59 | Build | Farm |
| 18:05 | Build | Farm |
| 18:05 | Build | Farm |
| 18:10 | Create | Villager (Male) |
| 18:27 | Create | Villager (Male) |
| 18:34 | Build | Farm |
| 18:36 | Create | Battering Ram |
| 18:36 | Create | Battering Ram |
| 18:45 | Build | House |
| 18:57 | Create | Mangonel |
| 19:20 | Build | House |
| 19:23 | Create | Villager (Male) |
| 19:23 | Create | Villager (Male) |
| 19:26 | Create | Villager (Male) |
| 19:26 | Create | Villager (Male) |
| 19:26 | Create | Villager (Male) |
| 19:28 | Research | Wheelbarrow |
| 19:32 | Build | Farm |
| 20:23 | Create | Villager (Male) |
| 20:23 | Create | Villager (Male) |
| 20:23 | Create | Villager (Male) |
| 20:24 | Create | Villager (Male) |
| 20:24 | Create | Villager (Male) |
| 20:24 | Create | Villager (Male) |
| 20:34 | Create | Battering Ram |
| 20:34 | Create | Battering Ram |
| 20:42 | Build | House |
| 20:55 | Create | Villager (Male) |
| 20:55 | Create | Villager (Male) |
| 21:28 | Create | Scorpion |
| 21:29 | Create | Scorpion |
| 21:32 | Build | House |
| 21:34 | Build | Barracks |
| 21:38 | Create | Villager (Male) |
| 21:38 | Create | Villager (Male) |
| 21:42 | Build | Farm |
| 21:43 | Build | Farm |
| 21:44 | Build | Farm |
| 21:46 | Build | Farm |
| 22:01 | Create | Villager (Male) |
| 22:01 | Create | Villager (Male) |
| 22:06 | Build | Farm |
| 22:06 | Build | Farm |
Build order — KB509521
First 150 of 615 actions detected
| 0:02 | Create | Villager (Male) |
| 0:03 | Create | Villager (Male) |
| 0:03 | Create | Villager (Male) |
| 0:03 | Create | Villager (Male) |
| 0:03 | Create | Villager (Male) |
| 0:04 | Build | House |
| 0:06 | Build | House |
| 1:29 | Create | Villager (Male) |
| 1:29 | Create | Villager (Male) |
| 1:50 | Build | Lumber Camp |
| 1:52 | Create | Villager (Male) |
| 1:52 | Create | Villager (Male) |
| 2:26 | Create | Villager (Male) |
| 2:26 | Create | Villager (Male) |
| 2:26 | Create | Villager (Male) |
| 2:54 | Create | Villager (Male) |
| 2:55 | Create | Villager (Male) |
| 3:06 | Create | Villager (Male) |
| 3:07 | Create | Villager (Male) |
| 3:13 | Build | House |
| 3:34 | Create | Villager (Male) |
| 3:35 | Create | Villager (Male) |
| 4:05 | Create | Villager (Male) |
| 4:05 | Create | Villager (Male) |
| 4:05 | Create | Villager (Male) |
| 4:52 | Create | Villager (Male) |
| 4:52 | Create | Villager (Male) |
| 5:10 | Create | Villager (Male) |
| 5:10 | Create | Villager (Male) |
| 5:10 | Create | Villager (Male) |
| 5:15 | Build | House |
| 5:47 | Create | Villager (Male) |
| 5:47 | Create | Villager (Male) |
| 5:47 | Create | Villager (Male) |
| 5:53 | Build | Mill |
| 6:33 | Create | Villager (Male) |
| 6:53 | Create | Villager (Male) |
| 7:08 | Create | Villager (Male) |
| 7:36 | Create | Villager (Male) |
| 8:02 | Research | Feudal Age |
| 8:22 | Build | Mill |
| 8:46 | Build | House |
| 9:34 | Build | Farm |
| 9:39 | Create | Villager (Male) |
| 9:40 | Create | Villager (Male) |
| 10:26 | Build | Farm |
| 10:32 | Age | Feudal Age |
| 10:39 | Build | Market |
| 10:44 | Build | Blacksmith |
| 11:34 | Research | Castle Age |
| 11:34 | Research | Castle Age |
| 12:05 | Build | House |
| 12:06 | Build | House |
| 12:16 | Research | Double-Bit Axe |
| 12:16 | Research | Double-Bit Axe |
| 12:20 | Build | Farm |
| 12:40 | Research | Horse Collar |
| 12:41 | Research | Horse Collar |
| 13:00 | Create | Villager (Male) |
| 13:10 | Build | House |
| 13:11 | Build | House |
| 14:14 | Age | Castle Age |
| 14:18 | Build | Town Center |
| 14:29 | Build | Town Center |
| 14:34 | Create | Villager (Male) |
| 14:36 | Research | Bow Saw |
| 14:36 | Research | Bow Saw |
| 14:47 | Build | Farm |
| 14:49 | Build | Farm |
| 14:53 | Build | Farm |
| 14:58 | Create | Villager (Male) |
| 15:02 | Build | Farm |
| 15:46 | Create | Villager (Male) |
| 15:46 | Create | Villager (Male) |
| 15:47 | Create | Villager (Male) |
| 15:56 | Build | Farm |
| 15:59 | Build | Farm |
| 16:02 | Build | Farm |
| 16:04 | Create | Villager (Male) |
| 16:04 | Create | Villager (Male) |
| 16:19 | Create | Villager (Male) |
| 16:19 | Create | Villager (Male) |
| 16:19 | Create | Villager (Male) |
| 16:20 | Create | Villager (Male) |
| 16:26 | Build | Siege Workshop |
| 16:36 | Build | Farm |
| 16:39 | Build | Farm |
| 16:49 | Build | Farm |
| 16:57 | Create | Villager (Male) |
| 17:03 | Build | Farm |
| 17:08 | Create | Villager (Male) |
| 17:08 | Create | Villager (Male) |
| 17:08 | Create | Villager (Male) |
| 17:08 | Create | Villager (Male) |
| 17:14 | Build | House |
| 17:15 | Build | House |
| 17:16 | Create | Villager (Male) |
| 17:17 | Create | Villager (Male) |
| 17:21 | Create | Villager (Male) |
| 17:23 | Research | Loom |
| 17:24 | Create | Villager (Male) |
| 17:51 | Build | Farm |
| 17:53 | Build | Farm |
| 17:54 | Create | Villager (Male) |
| 17:55 | Create | Villager (Male) |
| 17:55 | Create | Villager (Male) |
| 17:55 | Create | Villager (Male) |
| 18:12 | Build | House |
| 18:17 | Create | Villager (Male) |
| 18:19 | Create | Villager (Male) |
| 18:23 | Create | Mangonel |
| 18:32 | Create | Villager (Male) |
| 18:32 | Create | Villager (Male) |
| 18:37 | Build | Farm |
| 18:38 | Build | Farm |
| 18:40 | Build | Farm |
| 18:44 | Build | Farm |
| 18:45 | Create | Villager (Male) |
| 18:45 | Create | Villager (Male) |
| 18:45 | Create | Villager (Male) |
| 18:51 | Build | House |
| 19:05 | Create | Villager (Male) |
| 19:05 | Create | Villager (Male) |
| 19:06 | Create | Villager (Male) |
| 19:06 | Create | Villager (Male) |
| 19:19 | Create | Villager (Male) |
| 19:22 | Build | House |
| 19:22 | Build | House |
| 19:23 | Build | House |
| 19:31 | Build | House |
| 19:32 | Build | House |
| 20:11 | Create | Villager (Male) |
| 20:11 | Create | Villager (Male) |
| 20:11 | Create | Villager (Male) |
| 20:12 | Create | Villager (Male) |
| 20:20 | Create | Mangonel |
| 20:44 | Create | Villager (Male) |
| 20:44 | Create | Villager (Male) |
| 20:44 | Create | Villager (Male) |
| 20:45 | Create | Villager (Male) |
| 20:48 | Build | Mining Camp |
| 21:29 | Create | Mangonel |
| 21:35 | Create | Villager (Male) |
| 21:35 | Create | Villager (Male) |
| 21:35 | Create | Villager (Male) |
| 21:36 | Create | Villager (Male) |
| 21:52 | Build | Lumber Camp |
| 22:56 | Build | Castle |
| 23:23 | Create | Villager (Male) |
| 23:23 | Create | Villager (Male) |
Build order — [GDL] Perro del Mal
First 150 of 866 actions detected
| 0:02 | Create | Villager (Male) |
| 0:02 | Create | Villager (Male) |
| 0:03 | Create | Villager (Male) |
| 0:03 | Create | Villager (Male) |
| 0:04 | Build | House |
| 0:06 | Build | House |
| 0:10 | Create | Villager (Male) |
| 1:22 | Create | Villager (Male) |
| 1:46 | Build | Lumber Camp |
| 1:53 | Create | Villager (Male) |
| 1:53 | Create | Villager (Male) |
| 2:22 | Create | Villager (Male) |
| 2:51 | Create | Villager (Male) |
| 3:00 | Create | Villager (Male) |
| 3:00 | Create | Villager (Male) |
| 3:31 | Create | Villager (Male) |
| 3:39 | Build | House |
| 4:00 | Create | Villager (Male) |
| 4:00 | Create | Villager (Male) |
| 4:13 | Create | Villager (Male) |
| 4:13 | Create | Villager (Male) |
| 4:45 | Create | Villager (Male) |
| 5:18 | Build | Mill |
| 5:34 | Create | Villager (Male) |
| 5:35 | Create | Villager (Male) |
| 5:35 | Create | Villager (Male) |
| 5:39 | Build | House |
| 5:45 | Create | Villager (Male) |
| 6:04 | Create | Villager (Male) |
| 6:05 | Build | Mill |
| 6:06 | Create | Villager (Male) |
| 6:06 | Create | Villager (Male) |
| 6:46 | Create | Villager (Male) |
| 6:50 | Create | Villager (Male) |
| 6:58 | Create | Villager (Male) |
| 6:58 | Create | Villager (Male) |
| 7:24 | Create | Villager (Male) |
| 7:40 | Build | Farm |
| 8:04 | Build | Mining Camp |
| 8:21 | Research | Feudal Age |
| 8:49 | Build | Farm |
| 9:21 | Build | House |
| 9:36 | Create | Villager (Male) |
| 9:37 | Create | Villager (Male) |
| 10:26 | Age | Feudal Age |
| 10:28 | Build | Market |
| 10:30 | Build | Blacksmith |
| 10:42 | Research | Double-Bit Axe |
| 11:16 | Research | Castle Age |
| 11:16 | Research | Castle Age |
| 11:37 | Research | Horse Collar |
| 11:38 | Create | Villager (Male) |
| 12:30 | Build | Farm |
| 13:41 | Age | Castle Age |
| 13:44 | Create | Villager (Male) |
| 13:48 | Build | Town Center |
| 13:50 | Create | Villager (Male) |
| 13:53 | Build | Town Center |
| 14:08 | Research | Bow Saw |
| 14:11 | Build | House |
| 14:27 | Create | Villager (Male) |
| 14:36 | Research | Heavy Plow |
| 14:54 | Create | Villager (Male) |
| 14:56 | Create | Villager (Male) |
| 14:59 | Build | House |
| 15:07 | Build | Farm |
| 15:11 | Build | Farm |
| 15:14 | Create | Villager (Male) |
| 15:15 | Create | Villager (Male) |
| 15:22 | Build | Farm |
| 15:26 | Create | Villager (Male) |
| 15:30 | Build | House |
| 15:41 | Build | Farm |
| 15:44 | Build | Farm |
| 15:47 | Build | Farm |
| 16:01 | Build | Farm |
| 16:05 | Create | Villager (Male) |
| 16:07 | Create | Villager (Male) |
| 16:07 | Create | Villager (Male) |
| 16:10 | Build | Farm |
| 16:15 | Build | House |
| 16:18 | Build | Farm |
| 16:21 | Build | Farm |
| 16:23 | Create | Villager (Male) |
| 16:34 | Create | Villager (Male) |
| 16:36 | Build | Farm |
| 16:42 | Build | Farm |
| 16:45 | Build | House |
| 16:52 | Create | Villager (Male) |
| 16:58 | Build | Farm |
| 17:03 | Build | Farm |
| 17:08 | Create | Villager (Male) |
| 17:11 | Create | Villager (Male) |
| 17:18 | Build | Farm |
| 17:21 | Build | Farm |
| 17:23 | Build | House |
| 17:27 | Create | Villager (Male) |
| 17:35 | Build | Farm |
| 17:39 | Build | Farm |
| 17:40 | Create | Villager (Male) |
| 17:43 | Create | Villager (Male) |
| 17:44 | Create | Villager (Male) |
| 17:55 | Build | Farm |
| 18:08 | Create | Villager (Male) |
| 18:09 | Create | Villager (Male) |
| 18:12 | Build | House |
| 18:16 | Create | Villager (Male) |
| 18:17 | Create | Villager (Male) |
| 18:50 | Research | Fletching |
| 18:56 | Build | Siege Workshop |
| 19:00 | Create | Villager (Male) |
| 19:00 | Create | Villager (Male) |
| 19:01 | Create | Villager (Male) |
| 19:01 | Create | Villager (Male) |
| 19:17 | Research | Loom |
| 19:19 | Create | Villager (Male) |
| 19:33 | Create | Villager (Male) |
| 19:36 | Create | Villager (Male) |
| 19:36 | Create | Villager (Male) |
| 19:41 | Build | House |
| 19:50 | Create | Mangonel |
| 19:52 | Create | Villager (Male) |
| 19:55 | Build | Farm |
| 19:56 | Build | Farm |
| 19:57 | Build | Farm |
| 20:01 | Build | Barracks |
| 20:08 | Create | Villager (Male) |
| 20:08 | Create | Villager (Male) |
| 20:14 | Create | Villager (Male) |
| 20:15 | Create | Villager (Male) |
| 20:26 | Build | House |
| 20:27 | Build | House |
| 20:37 | Create | Villager (Male) |
| 20:38 | Create | Villager (Male) |
| 20:38 | Create | Villager (Male) |
| 20:39 | Create | Villager (Male) |
| 20:49 | Build | Farm |
| 20:53 | Build | Farm |
| 20:53 | Build | Farm |
| 21:02 | Create | Villager (Male) |
| 21:02 | Create | Villager (Male) |
| 21:03 | Create | Villager (Male) |
| 21:03 | Create | Villager (Male) |
| 21:06 | Build | Stable |
| 21:40 | Create | Villager (Male) |
| 21:40 | Create | Villager (Male) |
| 21:40 | Create | Villager (Male) |
| 21:41 | Create | Villager (Male) |
| 21:41 | Create | Villager (Male) |
| 21:41 | Create | Villager (Male) |
Build order — 小妖
First 150 of 492 actions detected
| 0:01 | Create | Villager (Male) ×4 |
| 0:03 | Build | House |
| 0:04 | Build | House |
| 1:28 | Create | Villager (Male) |
| 1:46 | Build | Lumber Camp |
| 1:55 | Create | Villager (Male) |
| 2:16 | Build | Palisade Wall |
| 2:26 | Create | Villager (Male) |
| 2:27 | Build | Palisade Wall |
| 2:30 | Build | Palisade Wall |
| 2:32 | Build | Palisade Wall |
| 2:36 | Build | Palisade Wall |
| 2:38 | Build | Palisade Wall |
| 2:43 | Build | Palisade Wall |
| 2:47 | Build | Palisade Wall |
| 2:53 | Create | Villager (Male) |
| 2:53 | Create | Villager (Male) |
| 2:54 | Create | Villager (Male) |
| 3:03 | Build | Palisade Wall |
| 3:06 | Build | Palisade Wall |
| 3:09 | Build | Palisade Wall |
| 3:13 | Create | Villager (Male) |
| 3:15 | Build | Palisade Wall |
| 3:18 | Build | Palisade Wall |
| 3:21 | Build | Palisade Wall |
| 3:43 | Create | Villager (Male) |
| 3:43 | Create | Villager (Male) |
| 3:43 | Create | Villager (Male) |
| 3:43 | Create | Villager (Male) |
| 3:52 | Build | House |
| 4:17 | Create | Villager (Male) |
| 4:44 | Create | Villager (Male) |
| 4:59 | Create | Villager (Male) |
| 5:05 | Create | Villager (Male) |
| 5:10 | Build | Mill |
| 5:25 | Build | House |
| 5:29 | Create | Villager (Male) |
| 5:57 | Create | Villager (Male) |
| 6:01 | Build | House |
| 6:23 | Create | Villager (Male) |
| 7:09 | Create | Villager (Male) |
| 7:42 | Create | Villager (Male) |
| 8:43 | Research | Feudal Age |
| 9:23 | Build | Farm |
| 9:26 | Build | Farm |
| 10:12 | Build | House |
| 10:54 | Create | Villager (Male) |
| 10:54 | Create | Villager (Male) |
| 10:56 | Age | Feudal Age |
| 10:58 | Build | Market |
| 11:00 | Build | Blacksmith |
| 11:49 | Research | Castle Age |
| 12:09 | Research | Double-Bit Axe |
| 12:12 | Research | Horse Collar |
| 12:27 | Build | Farm |
| 12:28 | Build | Farm |
| 13:15 | Build | Farm |
| 13:19 | Build | Farm |
| 14:06 | Build | House |
| 14:07 | Build | House |
| 14:11 | Research | Wheelbarrow |
| 14:29 | Age | Castle Age |
| 14:42 | Build | Town Center |
| 14:48 | Build | Town Center |
| 14:51 | Create | Villager (Male) |
| 14:53 | Research | Bow Saw |
| 15:45 | Create | Villager (Male) |
| 16:01 | Create | Villager (Male) |
| 16:01 | Create | Villager (Male) |
| 16:04 | Build | Monastery |
| 16:08 | Build | Farm |
| 16:09 | Build | Farm |
| 16:13 | Build | Farm |
| 16:13 | Create | Villager (Male) |
| 16:13 | Create | Villager (Male) |
| 16:19 | Create | Villager (Male) |
| 16:22 | Create | Villager (Male) |
| 16:23 | Create | Villager (Male) |
| 16:35 | Build | Farm |
| 16:40 | Build | Farm |
| 16:43 | Build | Farm |
| 16:48 | Build | House |
| 16:48 | Build | House |
| 16:52 | Create | Villager (Male) |
| 16:58 | Build | Farm |
| 17:11 | Build | Farm |
| 17:17 | Create | Villager (Male) |
| 17:19 | Create | Villager (Male) |
| 17:27 | Research | Loom |
| 17:34 | Create | Monk |
| 17:41 | Create | Villager (Male) |
| 17:43 | Build | Farm |
| 17:44 | Create | Villager (Male) |
| 17:50 | Build | Farm |
| 17:52 | Build | House |
| 17:53 | Build | House |
| 17:58 | Create | Villager (Male) |
| 18:03 | Create | Villager (Male) |
| 18:12 | Create | Villager (Male) |
| 18:21 | Create | Villager (Male) |
| 18:27 | Create | Villager (Male) |
| 18:33 | Build | House |
| 18:37 | Create | Monk |
| 18:44 | Create | Villager (Male) |
| 18:44 | Create | Villager (Male) |
| 18:48 | Build | Town Center |
| 18:56 | Create | Villager (Male) |
| 18:57 | Create | Villager (Male) |
| 19:02 | Build | Farm |
| 19:08 | Build | Farm |
| 19:09 | Build | Farm |
| 19:15 | Build | Farm |
| 19:28 | Build | House |
| 19:29 | Create | Villager (Male) |
| 19:30 | Create | Villager (Male) |
| 19:31 | Create | Villager (Male) |
| 19:33 | Build | Farm |
| 19:35 | Create | Villager (Male) |
| 19:44 | Build | Farm |
| 19:50 | Create | Villager (Male) |
| 19:56 | Build | Farm |
| 19:57 | Create | Villager (Male) |
| 20:00 | Create | Villager (Male) |
| 20:04 | Create | Villager (Male) |
| 20:04 | Create | Villager (Male) |
| 20:09 | Build | Farm |
| 20:15 | Build | Farm |
| 20:20 | Build | House |
| 20:27 | Create | Villager (Male) |
| 20:27 | Create | Villager (Male) |
| 20:30 | Build | Farm |
| 20:30 | Create | Monk |
| 20:34 | Create | Villager (Male) |
| 20:36 | Build | Farm |
| 20:38 | Build | Farm |
| 20:40 | Create | Villager (Male) |
| 20:42 | Create | Villager (Male) |
| 20:51 | Create | Villager (Male) |
| 20:51 | Create | Villager (Male) |
| 20:54 | Create | Villager (Male) |
| 21:23 | Create | Villager (Male) |
| 21:24 | Create | Villager (Male) |
| 21:25 | Create | Villager (Male) |
| 21:25 | Create | Villager (Male) |
| 21:26 | Create | Villager (Male) |
| 21:27 | Create | Villager (Male) |
| 21:28 | Build | Farm |
| 21:31 | Build | Farm |
| 21:34 | Create | Villager (Male) |
| 21:36 | Create | Villager (Male) |
Match timeline
| 2:16 | 小妖 · wall_segment Palisade Wall x1 |
| 2:27 | 小妖 · wall_segment Palisade Wall x1 |
| 2:30 | 小妖 · wall_segment Palisade Wall x1 |
| 2:32 | 小妖 · wall_segment Palisade Wall x1 |
| 2:36 | 小妖 · wall_segment Palisade Wall x1 |
| 2:38 | 小妖 · wall_segment Palisade Wall x1 |
| 2:43 | 小妖 · wall_segment Palisade Wall x1 |
| 2:47 | 小妖 · wall_segment Palisade Wall x1 |
| 3:03 | 小妖 · wall_segment Palisade Wall x1 |
| 3:06 | 小妖 · wall_segment Palisade Wall x1 |
| 3:09 | 小妖 · wall_segment Palisade Wall x1 |
| 3:15 | 小妖 · wall_segment Palisade Wall x1 |
| 3:18 | 小妖 · wall_segment Palisade Wall x1 |
| 3:21 | 小妖 · wall_segment Palisade Wall x1 |
| 10:13 | Niros · first_building Barracks |
| 10:26 | [GDL] Perro del Mal · age_up feudal |
| 10:32 | KB509521 · age_up feudal |
| 10:39 | ACN_Mk · age_up feudal |
| 10:39 | xXbananamanXx · age_up feudal |
| 10:56 | Niros · age_up feudal |
| 10:56 | 小妖 · age_up feudal |
| 11:00 | ohawan12312 · age_up feudal |
| 11:01 | 勤學的兔兔 · age_up feudal |
| 11:33 | KB509521 · first_market_sell 100 wood |
| 11:36 | Niros · first_building Archery Range |
| 12:15 | ACN_Mk · first_building Donjon |
| 13:02 | xXbananamanXx · first_building Barracks |
| 13:41 | [GDL] Perro del Mal · age_up castle |
| 14:11 | xXbananamanXx · age_up castle |
| 14:13 | xXbananamanXx · first_building Monastery |
| 14:14 | KB509521 · age_up castle |
| 14:29 | 小妖 · age_up castle |
| 14:37 | ohawan12312 · age_up castle |
| 14:40 | [GDL] Perro del Mal · first_market_buy 100 food |
| 14:41 | 勤學的兔兔 · age_up castle |
| 14:43 | ohawan12312 · first_building Monastery |
| 14:45 | ACN_Mk · age_up castle |
| 14:46 | ACN_Mk · first_building Siege Workshop |
| 14:51 | Niros · age_up castle |
| 14:54 | xXbananamanXx · first_building Siege Workshop |
| 15:02 | 勤學的兔兔 · first_building Siege Workshop |
| 15:36 | ACN_Mk · first_building Stable |
| 16:04 | 小妖 · first_building Monastery |
| 16:26 | KB509521 · first_building Siege Workshop |
| 16:52 | Niros · first_building Siege Workshop |
| 17:36 | xXbananamanXx · first_market_sell 100 wood |
| 17:51 | 勤學的兔兔 · first_market_sell 100 food |
| 17:53 | 勤學的兔兔 · first_market_buy 100 stone |
| 18:25 | [GDL] Perro del Mal · first_market_sell 100 wood |
| 18:56 | [GDL] Perro del Mal · first_building Siege Workshop |
| 19:50 | ACN_Mk · first_market_buy 100 stone |
| 20:01 | [GDL] Perro del Mal · first_building Barracks |
| 21:06 | [GDL] Perro del Mal · first_building Stable |
| 21:34 | 勤學的兔兔 · first_building Barracks |
| 22:55 | ohawan12312 · first_building Barracks |
| 22:56 | KB509521 · first_building Castle |
| 23:33 | 小妖 · first_building Barracks |
| 24:14 | ohawan12312 · first_building Siege Workshop |
| 25:37 | ACN_Mk · first_building Castle |
| 26:02 | 小妖 · first_building Castle |
| 26:25 | 小妖 · first_building Stable |
| 26:26 | 小妖 · first_building Archery Range |
| 26:46 | [GDL] Perro del Mal · first_building Monastery |
| 26:49 | ohawan12312 · first_building Castle |
| 27:20 | xXbananamanXx · first_market_buy 100 wood |
| 27:29 | 小妖 · first_building Siege Workshop |
| 27:54 | 小妖 · age_up imperial |
| 28:01 | 勤學的兔兔 · first_building Castle |
| 29:45 | ohawan12312 · age_up imperial |
| 30:18 | 勤學的兔兔 · age_up imperial |
| 30:51 | [GDL] Perro del Mal · age_up imperial |
| 31:01 | xXbananamanXx · age_up imperial |
| 31:38 | 小妖 · first_market_sell 500 food |
| 32:08 | ACN_Mk · resign |
| 33:47 | KB509521 · first_market_buy 100 wood |
| 33:49 | Niros · tribute_sent a jugador 1 |
| 33:49 | Niros · tribute_sent a jugador 2 |
| 33:49 | Niros · tribute_sent a jugador 4 |
| 33:49 | Niros · tribute_sent a jugador 5 |
| 33:49 | Niros · tribute_sent a jugador 6 |
| 33:49 | Niros · tribute_sent a jugador 7 |
| 33:49 | Niros · tribute_sent a jugador 8 |
| 34:02 | Niros · first_market_buy 500 food |
| 34:59 | 小妖 · tribute_sent a jugador 1 |
| 34:59 | 小妖 · tribute_sent a jugador 2 |
| 34:59 | 小妖 · tribute_sent a jugador 3 |
| 34:59 | 小妖 · tribute_sent a jugador 4 |
| 34:59 | 小妖 · tribute_sent a jugador 5 |
| 34:59 | 小妖 · tribute_sent a jugador 6 |
| 34:59 | 小妖 · tribute_sent a jugador 7 |
| 35:25 | xXbananamanXx · first_building Castle |
| 35:54 | KB509521 · first_building Barracks |
| 37:24 | Niros · age_up imperial |
| 38:14 | KB509521 · age_up imperial |
| 39:14 | [GDL] Perro del Mal · first_building Archery Range |
| 39:45 | Niros · first_market_sell 500 wood |
| 41:21 | 勤學的兔兔 · tribute_sent a jugador 1 |
| 41:21 | 勤學的兔兔 · tribute_sent a jugador 2 |
| 41:21 | 勤學的兔兔 · tribute_sent a jugador 3 |
| 41:21 | 勤學的兔兔 · tribute_sent a jugador 4 |
| 41:21 | 勤學的兔兔 · tribute_sent a jugador 6 |
| 41:21 | 勤學的兔兔 · tribute_sent a jugador 7 |
| 41:21 | 勤學的兔兔 · tribute_sent a jugador 8 |
| 43:17 | ohawan12312 · first_building Archery Range |
| 45:22 | [GDL] Perro del Mal · first_building Castle |
| 45:55 | 勤學的兔兔 · tribute_sent a jugador 1 |
| 45:55 | 勤學的兔兔 · tribute_sent a jugador 2 |
| 45:55 | 勤學的兔兔 · tribute_sent a jugador 3 |
| 45:55 | 勤學的兔兔 · tribute_sent a jugador 4 |
| 45:55 | 勤學的兔兔 · tribute_sent a jugador 6 |
| 45:55 | 勤學的兔兔 · tribute_sent a jugador 7 |
| 45:55 | 勤學的兔兔 · tribute_sent a jugador 8 |
| 49:24 | 勤學的兔兔 · tribute_sent a jugador 1 |
| 49:24 | 勤學的兔兔 · tribute_sent a jugador 2 |
| 49:24 | 勤學的兔兔 · tribute_sent a jugador 3 |
| 49:24 | 勤學的兔兔 · tribute_sent a jugador 4 |
| 49:24 | 勤學的兔兔 · tribute_sent a jugador 6 |
| 49:24 | 勤學的兔兔 · tribute_sent a jugador 7 |
| 49:24 | 勤學的兔兔 · tribute_sent a jugador 8 |
[ AI ANALYSIS · 1 CREDIT ]
What really happened in this match?
Wolo.gg analyzes every decision: build order, eco, micro, common mistakes by bracket. Personalized analysis on WhatsApp or Discord in 30 seconds.
Civ guide
Aztecs
Perfil
Jugador #9316213